AoeStats
← DjaFFer

Oasis

510164143Analyzed
2v2 RM · 19h ago on Sep 29, 2026· 95m 52s· 4 players
Game mode
Random Map
Map size
Medium (4 player)
Population
200
Speed
Normal
Resources
Standard
Victory
Conquest
Starting age
Dark Age
Ending age
Imperial Age
RankedLock teamsTeams togetherTeam positionsShared explorationLock speedFull tech treeHidden civsTurbo modeCheats
Victory
Defeat
🇨🇭 Japanese · Switzerland
1149
+17
🇨🇭 Magyars · Switzerland
1112
+18
🇩🇰 Japanese · Denmark
1168
-18
🇩🇰 Persians · Denmark
1162
-17
Judean People's Front
7:27 Loom
9:44 Feudal Age
10:16 Man-at-Arms
12:19 Double-Bit Axe
24:42 Castle Age
26:01 Fletching
27:06 Guard Tower
37:11 Imperial Age
35:33 Gold Mining
36:25 Masonry
36:54 Scale Mail Armor
37:35 Bodkin Arrow
42:14 Conscription
42:27 Scale Mail Armor
43:42 Chain Mail Armor
45:20 Squires
45:08 Gambesons
44:45 Pikeman
46:00 Plate Mail Armor
46:18 Elite Samurai
49:31 Capped Ram
51:36 Bow Saw
52:55 Halberdier
56:09 Bracer
58:40 Wheelbarrow
59:17 Two-Man Saw
59:11 Padded Archer Armor
60:52 Elite Skirmisher
64:28 Thumb Ring
64:35 Forging
66:14 Ballistics
66:56 Chemistry
67:27 Leather Archer Armor
72:28 Kataparuto
76:24 Caravan
76:41 Siege Engineers
91:02 Ring Archer Armor
TheNight
8:59 Loom
11:13 Feudal Age
13:24 Double-Bit Axe
18:21 Scale Barding Armor
26:36 Castle Age
25:32 Fletching
27:14 Bodkin Arrow
29:19 Bow Saw
31:08 Town Watch
32:45 Horse Collar
33:45 Wheelbarrow
33:51 Bloodlines
37:02 Chain Barding Armor
42:49 Imperial Age
40:52 Guard Tower
42:55 Cavalier
44:22 Plate Barding Armor
43:50 Husbandry
46:37 Gold Mining
48:01 Two-Man Saw
47:02 Heavy Plow
49:09 Padded Archer Armor
53:33 Crop Rotation
52:30 Elite Skirmisher
53:24 Bracer
53:49 Ballistics
55:28 Conscription
56:46 Chemistry
57:51 Leather Archer Armor
60:38 Capped Ram
63:40 Light Cavalry
65:43 Hussar
68:24 Scale Mail Armor
67:45 Pikeman
69:26 Ring Archer Armor
79:47 Chain Mail Armor
AupairMann
7:46 Loom
10:17 Feudal Age
10:37 Man-at-Arms
15:18 Arson
22:55 Castle Age
21:15 Double-Bit Axe
21:30 Horse Collar
22:27 Fletching
22:36 Gold Mining
23:06 Crossbowman
26:00 Bodkin Arrow
28:38 Thumb Ring
30:20 Wheelbarrow
30:33 Bow Saw
34:57 Padded Archer Armor
37:50 Imperial Age
36:51 Gold Shaft Mining
36:58 Ballistics
38:44 Arbalester
41:23 Chemistry
40:28 Bracer
49:15 Pikeman
49:57 Squires
49:52 Halberdier
50:53 Leather Archer Armor
53:31 Ring Archer Armor
53:04 Scale Mail Armor
60:14 Light Cavalry
61:04 Bloodlines
61:01 Scale Barding Armor
61:07 Forging
62:41 Chain Barding Armor
62:28 Husbandry
73:44 Siege Engineers
73:37 Murder Holes
73:49 Siege Engineers
88:15 Caravan
92:23 Hand Cart
91:53 Town Watch
DjaFFer
6:06 Loom
6:51 Loom
10:08 Feudal Age
13:16 Double-Bit Axe
20:46 Castle Age
19:24 Stone Mining
19:38 Fletching
26:30 Bow Saw
26:47 Town Watch
27:04 Bodkin Arrow
34:01 Wheelbarrow
36:58 Horse Collar
40:28 Imperial Age
38:46 Hand Cart
39:42 Stone Shaft Mining
38:58 Gold Mining
39:41 Town Patrol
40:00 Scale Barding Armor
40:06 Forging
41:08 Conscription
41:11 Chain Barding Armor
42:04 Two-Man Saw
41:15 Heavy Plow
41:55 Ballistics
42:36 Chemistry
43:54 Padded Archer Armor
44:30 Plate Barding Armor
44:31 Iron Casting
44:03 Murder Holes
44:19 Masonry
45:03 Crop Rotation
46:26 Bloodlines
46:17 Husbandry
46:34 Cavalier
48:18 Blast Furnace
55:19 Leather Archer Armor
55:08 Kamandaran
55:23 Crossbowman
56:09 Thumb Ring
56:48 Savar
58:06 Ring Archer Armor
58:02 Citadels
69:56 Hoardings
88:17 Light Cavalry
89:08 Hussar
Connection lost

Rejoining the realm…

Still unreachable

The connection could not be restored.

Session expired

The server has moved on; the page needs a fresh start.